 Dungeon Crawl Stone Soup version 0.22-a0-430-g6609fc6 (webtiles) character file.

39 Borgoz the Skirmisher (level 3, -3/23 HPs)
             Began as a Gargoyle Abyssal Knight on May 26, 2018.
             Was a Follower of Lugonu.
             Slain by Sigmund
             ... wielding a +0 scythe
              (5 damage)
             ... on level 2 of the Dungeon.
             The game lasted 00:01:29 (976 turns).

Borgoz the Skirmisher (Gargoyle Abyssal Knight)      Turns: 976, Time: 00:01:30

Health: -3/23      AC:  6    Str: 14 (15) XL:     3   Next: 47%
Magic:  4/4        EV: 11    Int: 10 (12) God:    Lugonu [*.....]
Gold:   8          SH:  0    Dex:  9 (10) Spells: 2/2 levels left

rFire    . . .     SeeInvis .   a - +1 hand axe
rCold    . . .     Gourm    .   (no shield)
rNeg     + . .     Faith    .   b - +0 leather armour
rPois    ∞         Spirit   .   (no helmet)
rElec    +         Reflect  .   (no cloak)
rCorr    .         Harm     .   (no gloves)
MR       .....                  (no boots)
Stlth    +.........             (no amulet)
HPRegen  0.07/turn              (no ring)
MPRegen  0.09/turn              (no ring)

@: no status effects
A: negative energy resistance 1, electricity resistance, unbreathing,
petrification resistance, rot immunity, AC +3
a: Depart the Abyss, Renounce Religion


You were on level 2 of the Dungeon.
You worshipped Lugonu.
Lugonu was aware of your devotion.
You were not hungry.

You visited 1 branch of the dungeon, and saw 2 of its levels.
You visited the Abyss 1 time.

You collected 8 gold pieces.

Inventory:

Hand Weapons
 a - a +1 hand axe (weapon)
Armour
 b - a +0 leather armour (worn)
Jewellery
 e - an uncursed ring of protection from magic {unknown}
Scrolls
 d - a scroll of blinking {unknown}
 g - a scroll of fear {unknown}
 h - 2 scrolls of enchant armour {unknown}
 j - a scroll of noise {unknown}
Potions
 f - a potion of degeneration
 i - a potion of berserk rage {unknown}
Comestibles
 c - 3 rations


   Skills:
 + Level 3.5 Fighting
 * Level 2.3 Axes
 + Level 2.4 Armour
 * Level 1.6 Dodging
 + Level 2.3 Invocations


You had 2 spell levels left.
You didn't know any spells.
Your spell library was empty.

Dungeon Overview and Level Annotations

Branches:
Dungeon (2/15)

Altars:

Annotations:
D:2 Sigmund


Innate Abilities, Weirdness & Mutations

You are resistant to torment.
Your stone body is resilient. (AC +3)
You are immune to poison.
You resist negative energy. (rN+)
You are resistant to electric shocks. (rElec)
You can survive without breathing.
You are immune to petrification.
You are immune to rotting.


Message History

There was something very wrong with that liquid.
You feel weakened.
You feel dopey.
You feel clumsy.
You hear some strange, mumbled words.
A puff of flame appears from out of thin air!
The puff of flame hits you!
It was a potion of curing.
You feel better. Something hits you!
You hit something. Something hits you but does no damage. Something hits you.
* * * LOW HITPOINT WARNING * * *
Found a robe.
Things that are here:
a bubbling blue potion; a jackal corpse You hit something.
You hit something. Something hits you.
* * * LOW HITPOINT WARNING * * *
Unknown command.
Okay, then.
i - a bubbling blue potion Something hits you.
You die...

.#. . ..# . ..##[
...# #### ..# ... .
#l# ##.## .#
#..#.##{#####...##...
#....@......#......
#.#.##.####....# #.#
#.#..##
..##.###.####.#
####.# ##.....#
##.###.###### #..#.##
#.## #.#


You could see a leopard gecko.

Vanquished Creatures
  A worm (D:2)
  A dart slug (D:1)
  2 leopard geckos (D:1)
  4 bats
  3 giant cockroaches
  3 goblins (D:1)
  5 hobgoblins (D:1)
  2 jackals (D:2)
  3 kobolds (D:1)
  A frilled lizard (D:1)
  3 rats
28 creatures vanquished.

Notes
Turn   | Place    | Note
-------+----------+-------------------------------------------
     0 | Abyss:1  | Borgoz the Gargoyle Abyssal Knight began the quest for the Orb.
     0 | Abyss:1  | Reached XP level 1. HP: 14/14 MP: 2/2
    93 | Abyss:1  | Noticed an ancient zyme
    98 | D:1      | Escaped the Abyss
   119 | D:1      | Reached skill level 1 in Dodging
   127 | D:1      | Reached XP level 2. HP: 16/19 MP: 3/3
   181 | D:1      | Reached * piety under Lugonu
   394 | D:1      | Reached XP level 3. HP: 14/23 MP: 4/4
   962 | D:2      | Noticed Sigmund
   976 | D:2      | Slain by Sigmund

Vault maps used:
D:1:      scummos_arrival_simple_fountains
D:2:      grunt_decor_one_mirror, tso_metal_star, uniq_robin, uniq_sigmund

Skill      XL: |  1 |
---------------+----+-----
Axes           | 2 |  2.3
Dodging        | 1 |  1.6
Fighting       | |  3.5
Armour         | |  2.4
Invocations    | |  2.3

Action                   || total
-------------------------++-------
Melee: Hand axe          ||    90
Invok: Depart the Abyss  ||     1
  Use: Potion            ||     2
Armor: Leather armour    ||    43
Dodge: Dodged            ||    61

Table legend:
 A = Spawn XP
 B = Non-spawn XP
 C = Spawn XP percentage of total XP
 D = Spawn monster count
 E = Non-spawn monster count
 F = Spawn count percentage of total count
 G = Total turns spent on level
                    A         B        C        D         E        F      G
               +---------+---------+-------+---------+---------+-------+---------
         Total |       0 |      57 |   0.0 |       0 |      28 |   0.0 |   976
               +---------+---------+-------+---------+---------+-------+---------
           D:1 |       0 |      42 |   0.0 |       0 |      21 |   0.0 |   572
           D:2 |       0 |      15 |   0.0 |       0 |       7 |   0.0 |   306
               +---------+---------+-------+---------+---------+-------+---------
